 Dungeon Crawl Stone Soup version 0.32-a0-7-ge934b4519a (webtiles) character file.

Game seed: 14766441712379075086

56 miscthings the Changeling (level 3, -1/33 HPs)
             Began as an Oni Shapeshifter on Jan 14, 2024.
             Slain by an adder (2 damage)
             ... on level 2 of the Dungeon.
             The game lasted 00:01:29 (1278 turns).

miscthings the Changeling (Oni Shapeshifter)        Turns: 1278, Time: 00:01:29

Health: -1/33      AC:  3    Str: 18    XL:     3   Next: 95%
Magic:  3/3        EV:  9    Int: 11    God:
Gold:   84         SH:  0    Dex: 10    Spells: 2/2 levels left

rFire   . .          .
                       - Unarmed
rCold   . . .        (no shield)
rNeg    . . .        a - +0 animal skin
rPois   .            (helmet currently unavailable)
rElec   .            (cloak currently unavailable)
rCorr   .            (gloves unavailable)
SInv    .            (boots unavailable)
Will    .....        (no amulet)
Stlth   +            (no ring)
HPRegen 0.25/turn    (no ring)
MPRegen 0.08/turn

%: no passive effects
@: lethally poisoned (-1 -> -2), beast-form, attractive, hasted, very quick
A: beast (slay +2), large, unfitting armour, horns 1, tough skin 1, double
potion healing, drunken brawling, fangs 1, MP-powered wands, sturdy frame 1,
persistent drain
a: Begin Untransformation


You were on level 2 of the Dungeon.
You were a hulking beast.
You visited 1 branch of the dungeon, and saw 3 of its levels.

You collected 84 gold pieces.

Inventory:

Missiles
 h - 5 javelins (quivered)
Armour
 a - a +0 animal skin (worn)
Talismans
 c - a beast talisman
 d - a flux talisman
Scrolls
 e - a scroll of poison {unknown}
 j - 3 scrolls of immolation
 l - a scroll of vulnerability {unknown}
Potions
 b - a potion of lignification
 f - a potion of mutation
 i - a potion of attraction


   Skills:
 - Level 1.3 Fighting
 - Level 1.7 Dodging
 - Level 2.6 Unarmed Combat
 + Level 4.5 Shapeshifting


You had 2 spell levels left.
You didn't know any spells.
Your spell library contained the following spells:

 Spells                   Type           Power      Damage    Failure   Level
 Dazzling Flash           Conj/Hex       0%         N/A       71%         3
 Mephitic Cloud           Conj/Alch/Air  0%         N/A       71%         3
 Curse of Agony           Necr           0%         N/A       100%        5
 Silence                  Hex/Air        0%         N/A       100%        5


Dungeon Overview and Level Annotations

Branches:
Dungeon (3/15)

Altars:


Innate Abilities, Weirdness & Mutations

You are a hulking beast.
Your limbs bulge with bestial killing power. (Slay +2)
You are too large for most types of armour.
You have a pair of small horns on your head.
You have tough skin. (AC +1)
You gain doubled healing and magic from potions.
Whenever you drink a healing potion, you attack all around you.
You have very sharp teeth.
You expend magic power (3 MP) to strengthen your wands.
Your movements are slightly less encumbered by armour. (ER -2)
Your health recovers twice as slowly from being drained.


Message History

The adder is lightly wounded.
You hit the bombardier beetle.
Your headbutt misses the bombardier beetle.
The bombardier beetle is almost dead.
You hit the adder but do no damage. You headbutt the adder.
The adder is moderately wounded.
It was a potion of curing.
You savour every drop.
You feel better. The adder bites you but does no damage.
The adder barely misses you. The adder misses you.
The bombardier beetle barely misses you.
The ribbon worm is attracted toward you.
The ribbon worm expels a string of sticky webbing.
The stream of webbing hits you but does no damage.
You are caught in a web!
The adder bites you but does no damage.
There is a stone staircase leading up here.
The adder closely misses you. The adder barely misses you.
The ribbon worm barely misses you.
The bombardier beetle is attracted toward you.
The adder barely misses you. The adder bites you.
You are poisoned.
The adder poisons you! The ribbon worm barely misses you.
You climb upwards.
You feel sick.
There is a stone staircase leading down here.
You completely miss the bombardier beetle.
Your bite misses the bombardier beetle.
The bombardier beetle is almost dead.
You feel sick. The adder bites you but does no damage.
The bombardier beetle bites you.
* * * LOW HITPOINT WARNING * * *
It was a potion of haste.
You feel yourself speed up.
You feel sick. The adder barely misses you. The ribbon worm bites you.
* * * LOW HITPOINT WARNING * * *
The adder bites you but does no damage.
The bombardier beetle barely misses you.
As you read the scroll labelled HECRI QADEG, it crumbles to dust.
It is a scroll of identify.
j - 3 scrolls of immolation
* * * LOW HITPOINT WARNING * * *
You feel sick. The adder bites you.
You die...

# ###.......#######..# #
##...#..##.......# #
##.##..##.###.#.# ##
#.##..##.# #.#.# .##
#######.♣♣♣♣♣♣♣♣♣#.#.# ..#
#....).............#.# ..#
#.#####.♣♣♣♣♣♣♣♣♣....# #.#
#.# ###..####..##....# #.#
#<# #...SwhS.........# #.#
#.# #.#..##B#.###...## #.#
#.# #.#.....#.# ##.## #.##
#.# #.##.####.# #.# ...##
#)###.#...###.# #.#
#...###.......#.....# #.#
###.........#...########.#
............##....†......#
............##############


You could see a ribbon worm, a bombardier beetle and 2 adders.

Vanquished Creatures
  An adder (D:2)
  A dart slug (D:1)
  4 bats
  2 endoplasms (D:1)
  4 giant cockroaches
  4 goblins
  7 hobgoblins
  3 jackals (D:1)
  A quokka (D:1)
  2 ball pythons
  2 frilled lizards
  7 kobolds
  A rat (D:2)
39 creatures vanquished.

Notes
Turn   | Place    | Note
-------+----------+-------------------------------------------
     0 | D:1      | miscthings the Oni Shapeshifter began the quest for the
                  | Orb.
     0 | D:1      | Reached XP level 1. HP: 19/19 MP: 1/1
   121 | D:1      | Reached XP level 2. HP: 23/27 MP: 2/2
   264 | D:1      | Reached XP level 3. HP: 31/33 MP: 3/3
   333 | D:1      | Reached skill level 4 in Shapeshifting
  1269 | D:3      | Gained mutation: Your health recovers twice as slowly from
                  | being drained. [potion of mutation]
  1269 | D:3      | Gained mutation: You expend magic power (3 MP) to
                  | strengthen your wands. [potion of mutation]
  1269 | D:3      | Gained mutation: Your movements are slightly less
                  | encumbered by armour. (ER -2) [potion of mutation]
  1269 | D:3      | Gained mutation: You have very sharp teeth. [potion of
                  | mutation]
  1278 | D:2      | HP: 1/33 [poisoned by an adder]
  1278 | D:2      | Slain by an adder

Illustrated notes

Levels and vault maps discovered:
D:1:      lordsloth_arrival_two_stooges, layout_basic,
          nicolae_figureground_sparkle
D:2:      layout_loops_ring, serial_forest, infiniplex_forest_straight_3,
          infiniplex_forest_lined_corner, infiniplex_forest_lined_room_2,
          infiniplex_forest_zigzag_1, infiniplex_forest_clump_large,
          infiniplex_forest_clump_small
D:3:      layout_rooms, zin_scriptorium, minitemple, serial_bayou,
          serial_bayou_pond_b, serial_bayou_shore_a, serial_bayou_pond_b,
          serial_bayou_crossing, minivault_27

Skill      XL: |  1  2  3 |
---------------+----------+-----
Shapeshifting  | 4 |  4.5
Fighting       | |  1.3
Dodging        | |  1.7
Unarmed Combat | |  2.6

Action                     || total
---------------------------++-------
  Melee: Unarmed           ||    87
         Headbutt          ||    17
         Punch             ||     2
    Use: Potion            ||     4
         Scroll            ||     1
 Armour: Animal skin       ||    58
  Dodge: Dodged            ||    49

Table legend: (Time is in decaauts)
 A = Elapsed time spent in this place.
 B = Non-inter-level travel time spent in this place.
 C = Inter-level travel time spent in this place.
 D = Time resting spent in this place.
 E = Time spent auto-exploring this place.
 F = Levels seen in this place.
 G = Mean time per level.
                   A        B        C        D        E       F      G
               +--------+--------+--------+--------+--------+-----+--------+
         Total |   1274 |   1228 |     46 |      0 |   1018 |   3 |  424.7 |
       Dungeon |   1274 |   1228 |     46 |      0 |   1018 |   3 |  424.7 |
               +--------+--------+--------+--------+--------+-----+--------+

Top non-repeatable levels by time:
     D:1: 640 daAuts
     D:2: 618 daAuts
     D:3: 15 daAuts
